 Dungeon Crawl Stone Soup version 0.30.0-5-g1a98f26d00 (webtiles) character file.

Game seed: 18402583874040817944

302 dialectric the Sneak (level 6, -2/39 HPs)
             Began as a Gargoyle Delver on May 9, 2023.
             Slain by a wraith (7 damage)
             ... in an ossuary.
             The game lasted 00:06:09 (3761 turns).

dialectric the Sneak (Gargoyle Delver)              Turns: 3761, Time: 00:06:10

Health: -2/39      AC: 14    Str: 17    XL:     6   Next: 37%
Magic:  6/6        EV:  8    Int: 11    God:
Gold:   196        SH:  0    Dex: 11    Spells: 5/5 levels left

rFire   . . .        j - +0 flail
rCold   . . .        (no shield)
rNeg    + . .        h - +0 chain mail
rPois   ∞            x - +0 helmet
rElec   +            (no cloak)
rCorr   .            (no gloves)
SInv    .            (no boots)
Will    .....        (no amulet) Stlth
                     (no ring)
HPRegen 0.26/turn    (no ring)
MPRegen 0.10/turn

%: no passive effects
@: slowed, very slow
A: sickness immunity, AC +4, negative energy resistance 1, electricity
resistance, torment resistance 1, petrification resistance
a: no special abilities


You were in an ossuary.
You visited 1 branch of the dungeon, and saw 6 of its levels.
You also visited: Ossuary.

You collected 196 gold pieces.

Inventory:

Hand Weapons
 a - a +0 mace
 f - a +1 dagger of venom
 j - a +0 flail (weapon)
Missiles
 i - 2 poisoned darts (quivered)
Armour
 b - a +0 leather armour
 h - a +0 chain mail (worn)
 p - a +0 chain mail
 x - a +0 helmet (worn)
Jewellery
 m - the ring "Qott" {Fire Str+3 Int+4 Dex+5}
   (You took it off a kobold on level 3 of the Dungeon)

   [ring of fire]

   It enhances your fire magic.
   Str:       It affects your strength (+3).
   Int:       It affects your intelligence (+4).
   Dex:       It affects your dexterity (+5).
   rF:        It protects you from fire.
   rC:        It makes you vulnerable to cold.
Wands
 g - a wand of digging (3)
 z - a wand of flame (28)
Scrolls
 c - a scroll of fog
 d - a scroll of magic mapping
 l - a scroll of amnesia {unknown}
 n - 6 scrolls of identify {unknown}
 o - 3 scrolls of immolation {unknown}
 q - a scroll of vulnerability {unknown}
 s - 2 scrolls of noise {unknown}
 t - 2 scrolls of teleportation {unknown}
 u - a scroll of summoning {unknown}
 v - a scroll of enchant weapon {unknown}
 y - a scroll of poison {unknown}
Potions
 e - 2 potions of curing {unknown}
 k - a potion of might {unknown}
 r - a potion of haste
 w - a potion of degeneration


   Skills:
 * Level 4.4 Fighting
 + Level 4.1 Maces & Flails
 - Level 3.0 Armour
 - Level 2.0 Dodging
 - Level 6.2 Stealth


You had 5 spell levels left.
You didn't know any spells.
Your spell library contained the following spells:

 Spells                   Type           Power      Damage    Failure   Level
 Kiss of Death            Conj/Necr      0%         2d5       98%         1
 Magic Dart               Conj           0%         1d3       98%         1
 Blink                    Tloc           0%         N/A       99%         2
 Lesser Beckoning         Tloc           0%         N/A       99%         2
 Momentum Strike          Conj/Tloc      0%         3d8       99%         2
 Searing Ray              Conj           0%         2d4       99%         2
 Confusing Touch          Hex            0%         N/A       100%        3
 Inner Flame              Hex/Fire       0%         N/A       100%        3
 Dispel Undead            Necr           0%         3d6       100%        4
 Fulminant Prism          Conj/Hex       0%         3d5       100%        4
 Yara's Violent Unravell  Hex/Tmut       0%         3d3       100%        5
 Enfeeble                 Hex            0%         N/A       100%        7


Dungeon Overview and Level Annotations

Branches:
Dungeon (6/15)            Ossuary (1/1)
 Temple: D:4-7

Altars:

Shops:
D:3 :   D:5 *

Annotations:
D:4 Grinder
D:5 Duvessa, Pikel
D:6 Prince Ribbit


Innate Abilities, Weirdness & Mutations

You are immune to sickness and miasma.
Your stone body is resilient. (AC +4)
You are immune to poison.
You resist negative energy. (rN+)
You are resistant to electric shocks. (rElec)
You are resistant to unholy torment.
You are immune to petrification.


Message History

You are too injured to fight recklessly!
Unknown command.
You hit the wraith.
The wraith is almost destroyed.
The wraith hits you but does no damage. The wraith closely misses you.
You barely miss the wraith.
The wraith is almost destroyed.
The wraith hits you but does no damage. The wraith hits you.
The wraith drains your vigour!
You feel as though you will be slow longer.
You completely miss the wraith.
The wraith is almost destroyed.
The wraith closely misses you. The wraith barely misses you.
You closely miss the wraith.
The wraith is almost destroyed.
The wraith barely misses you.
You hit the wraith.
The wraith is almost destroyed.
The wraith hits you. The wraith drains your vigour!
You feel as though you will be slow longer.
The wraith hits you but does no damage.
You barely miss the wraith.
The wraith is almost destroyed.
The wraith hits you!
* * * LOW HITPOINT WARNING * * *
The wraith drains your vigour!
You feel as though you will be slow longer.
The wraith hits you but does no damage.
You closely miss the wraith.
The wraith is almost destroyed.
The wraith hits you.
* * * LOW HITPOINT WARNING * * *
The wraith drains your vigour!
You feel as though you will be slow longer.
The wraith hits you.
* * * LOW HITPOINT WARNING * * *
You hit the wraith.
The wraith is almost destroyed.
The wraith hits you!
You die...

#####+#####
#.........##
#...##@##...## .
.##..W##...## .
##.?!!.##...# ..
#.!??!?.#...+
...##.!.!.##...#
#...##...##...##
. #...#####...##
...##.........##
....#####'#####..


You could see a wraith.

Vanquished Creatures
  Menkaure (D:3)
  A hound (D:5)
  A mummy (Ossuary)
  5 adders
  2 ufetubi (D:4)
  2 dart slugs
  An orc (D:5)
  10 bats
  7 endoplasms
  10 giant cockroaches
  6 hobgoblins
  4 quokkas
  4 ball pythons
  2 frilled lizards
  A gnoll skeleton (Ossuary)
  6 goblins
  6 kobolds
  3 kobold skeletons (Ossuary)
  5 orc skeletons (Ossuary)
  6 rats
83 creatures vanquished.

Notes
Turn   | Place    | Note
-------+----------+-------------------------------------------
     0 | D:5      | dialectric the Gargoyle Delver began the quest for the Orb.
     0 | D:5      | Reached XP level 1. HP: 14/14 MP: 1/1
    30 | D:4      | Reached XP level 2. HP: 18/19 MP: 2/2
    39 | D:4      | Noticed Grinder
    45 | D:4      | Paralysed by Grinder for 3 turns
    49 | D:4      | Paralysed by Grinder for 5 turns
   515 | D:3      | Identified the ring "Qott" {Fire Str+3 Int+4 Dex+5}
   526 | D:3      | Reached skill level 6 in Stealth
   645 | D:3      | Found Keankum's Book Shoppe.
   649 | D:3      | Reached XP level 3. HP: 23/23 MP: 3/3
  1281 | D:2      | Reached XP level 4. HP: 27/28 MP: 4/4
  1304 | D:2      | Reached skill level 1 in Armour
  2646 | D:4      | Noticed Menkaure
  2670 | D:3      | Killed Menkaure
  2671 | D:3      | Reached XP level 5. HP: 13/33 MP: 5/5
  2771 | D:4      | Reached XP level 6. HP: 38/38 MP: 6/6
  3052 | D:5      | Found Ecippuemm's General Store.
  3067 | D:5      | Noticed Duvessa
  3366 | D:5      | Noticed Pikel
  3407 | D:6      | Noticed Prince Ribbit
  3421 | D:6      | Found a sand-covered staircase.
  3426 | Ossuary  | Entered an ossuary
  3426 | Ossuary  | Noticed a wraith
  3426 | Ossuary  | Noticed a wraith
  3426 | Ossuary  | Noticed a wraith
  3555 | Ossuary  | HP: 1/39 [mummy (14)]
  3730 | Ossuary  | Noticed a wraith
  3761 | Ossuary  | Slain by a wraith

Illustrated notes

Levels and vault maps discovered:
D:1:      ldierk_walled_garden, layout_basic
D:2:      layout_rooms
D:3:      layout_basic, serial_shops, nicolae_shop_waterfront,
          guppyfry_early_lair_pool
D:4:      layout_rooms, kennysheep_small_spiral, grunt_decor_arrowhead,
          uniq_menkaure, uniq_grinder
D:5:      kennysheep_spiral_hall, layout_basic, serial_shops, shop, uniq_pikel,
          uniq_eustachio, uniq_duvessa
D:6:      layout_loops_ring, minmay_temple_entry_mini_moons,
          gammafunk_ghost_gnarly_gnolls, enter_ossuary_2,
          amcnicky_mini_pool_medium, uniq_prince_ribbit1
Ossuary:  ossuary_due_mausoleum

Skill      XL: |  1  2  3  4  5  6 |
---------------+-------------------+-----
Stealth        | 6 |  6.2
Armour         | 2 3 |  3.0
Maces & Flails | 3 4 |  4.1
Dodging        | 2 |  2.0
Fighting       | 4 |  4.4

Action                     |  1- 3 |  4- 6 || total
---------------------------+-------+-------++-------
  Melee: Mace              |    83 |       ||    83
         Punch             |     2 |     3 ||     5
         Dagger            |       |    70 ||    70
         Flail             |       |   116 ||   116
    Use: Potion            |     1 |     7 ||     8
         Scroll            |       |     1 ||     1
   Stab: Sleeping          |     5 |    16 ||    21
         Distracted        |     1 |       ||     1
 Armour: Leather armour    |    29 |    53 ||    82
         Chain mail        |     7 |    79 ||    86
  Dodge: Dodged            |    49 |   131 ||   180
